AoeStats
← RiseoftheRuben

Arena

510366693Analyzed
1v1 RM · 1d ago on Sep 30, 2026· 26m 8s· 2 players
Game mode
Random Map
Map size
Tiny (2 player)
Population
200
Speed
Normal
Resources
Standard
Victory
Conquest
Starting age
Dark Age
Ending age
Imperial Age
RankedLock teamsTeams togetherTeam positionsShared explorationLock speedFull tech treeHidden civsTurbo modeCheats
Victory
Defeat
🇩🇪 Varangians · Germany
1725
+10
🇹🇷 Turks · Türkiye
1597
-10
AmiraL_516
9:45 Feudal Age
13:37 Castle Age
12:38 Double-Bit Axe
12:34 Horse Collar
12:41 Loom
15:31 Heavy Plow
22:01 Bow Saw
23:36 Wheelbarrow
RiseoftheRuben
10:18 Feudal Age
11:29 Double-Bit Axe
14:07 Castle Age
12:15 Horse Collar
16:51 Loom
17:41 Wheelbarrow
25:48 Imperial Age
23:33 Fletching
25:08 Bloodlines
25:29 Forging
Connection lost

Rejoining the realm…

Still unreachable

The connection could not be restored.

Session expired

The server has moved on; the page needs a fresh start.